 Dungeon Crawl Stone Soup version 0.22.1-1-ga44c0e56f4 (webtiles) character file.

83 Reeggar the Skirmisher (level 4, -5/42 HPs)
             Began as a Naga Fighter on Oct 24, 2018.
             Killed by divine providence
             ... invoked by an orc priest
              (11 damage)
             ... on level 3 of the Dungeon.
             The game lasted 00:09:37 (2781 turns).

Reeggar the Skirmisher (Naga Fighter)               Turns: 2781, Time: 00:09:38

Health: -5/42      AC:  8    Str: 25    XL:     4   Next: 44%
Magic:  4/4        EV:  4    Int:  8    God:
Gold:   56         SH:  9    Dex: 10    Spells: 3/3 levels left

rFire    . . .     SeeInvis +   a - +0 flail
rCold    . . .     Gourm    .   c - +0 shield
rNeg     . . .     Faith    .   o - +0 chain mail
rPois    +         Spirit   .   (no helmet)
rElec    .         Reflect  .   h - +0 cloak (curse)
rCorr    .         Harm     .   g - +0 pair of gloves
MR       .....                  (no barding)
Stlth    ..........             (no amulet)
HPRegen  0.14/turn              (no ring)
MPRegen  0.09/turn              (no ring)

@: mighty, very slow
A: large, see invisible, deformed body, poison resistance, slowness 2, slow
metabolism 1, spit poison 1, AC +1
a: Spit Poison


You were on level 3 of the Dungeon.
You were not hungry.

You visited 1 branch of the dungeon, and saw 3 of its levels.

You collected 56 gold pieces.

Inventory:

Hand Weapons
 a - a +0 flail (weapon)
Missiles
 l - 6 tomahawks (quivered)
Armour
 c - a +0 shield (worn)
 g - a +0 pair of gloves (worn)
 h - a cursed +0 cloak (worn)
 o - a +0 chain mail (worn)
Jewellery
 j - an uncursed ring of ice
Scrolls
 b - a scroll of immolation {unknown}
 e - a scroll of teleportation
 n - 2 scrolls of remove curse {unknown}
 q - a scroll of magic mapping {unknown}
Potions
 k - a potion of haste {unknown}
 m - 3 potions of flight {unknown}
 p - a potion of curing {unknown}
Comestibles
 f - 2 rations


   Skills:
 + Level 3.4 Fighting
 + Level 3.0 Maces & Flails
 + Level 2.8 Armour
 + Level 0.6 Dodging
 + Level 0.1 Stealth
 + Level 2.9 Shields


You had 3 spell levels left.
You didn't know any spells.
Your spell library was empty.

Dungeon Overview and Level Annotations

Branches:
Dungeon (3/15)

Altars:


Innate Abilities, Weirdness & Mutations

You cannot wear boots.
Your serpentine skin is tough. (AC +1)
You have supernaturally acute eyesight. (SInv)
Armour fits poorly on your strangely shaped body.
Your system is resistant to poisons. (rPois)
You cover ground very slowly.
You have a slow metabolism.
You can spit poison.


Message History

You closely miss the orc. The orc hits you but does no damage.
You hit the orc.
You kill the orc!
Your chain mail prevents you from hitting the orc.
The orc hits you but does no damage.
You sock the orc!
You kill the orc!
The orc priest invokes the aid of Beogh against you.
Beogh smites you!
* * * LOW HITPOINT WARNING * * *
You hit the orc priest but do no damage.
The orc priest looks satisfied for a moment.
You feel very mighty all of a sudden.
The orc priest mumbles some strange prayers to Beogh against you.
Beogh smites you!
* * * LOW HITPOINT WARNING * * *
Your shield and chain mail prevent you from hitting the orc priest.
The orc priest mumbles some strange prayers to Beogh against you.
Beogh smites you!
You die...

## #. #. ### #. ..#
#.##.# ..#.# #.#.#
#@#.####
###o#....###########
#..o................
.o...#.#....###########
......#.#.$...... .....
..#...##....
....#>/......+.....
.............# ..##
....#.##...#.. ....


You could see an orc priest and an orc.

Vanquished Creatures
  An adder (D:3)
  An ooze (D:2)
  A worm (D:2)
  A dart slug (D:1)
  3 leopard geckos
  2 orcs (D:3)
  3 giant cockroaches (D:1)
  9 goblins
  5 hobgoblins
  6 jackals
  8 bats
  7 frilled lizards
  5 kobolds
  5 rats
57 creatures vanquished.

Notes
Turn   | Place    | Note
-------+----------+-------------------------------------------
     0 | D:1      | Reeggar the Naga Fighter began the quest for the Orb.
     0 | D:1      | Reached XP level 1. HP: 21/21 MP: 1/1
    85 | D:1      | Reached XP level 2. HP: 14/28 MP: 2/2
   842 | D:1      | Reached XP level 3. HP: 27/34 MP: 3/3
  2301 | D:2      | Reached XP level 4. HP: 42/42 MP: 4/4
  2781 | D:3      | Killed from afar by an orc priest

Skill      XL: |  1  2  3  4 |
---------------+-------------+-----
Maces & Flails | 3 |  3.0
Fighting       | |  3.4
Armour         | |  2.8
Dodging        | |  0.6
Stealth        | |  0.1
Shields        | |  2.9

Action                   |  1- 3 |  4- 6 || total
-------------------------+-------+-------++-------
Melee: Flail             |   178 |    44 ||   222
  Use: Scroll            |     2 |     1 ||     3
       Potion            |       |     1 ||     1
  Eat: Chunk             |     2 |       ||     2
       Ration            |     1 |       ||     1
Armor: Scale mail        |   123 |       ||   123
       Chain mail        |    25 |    49 ||    74
Dodge: Dodged            |    56 |     7 ||    63
Block: Shield            |   119 |    32 ||   151
